 Dungeon Crawl Stone Soup version 0.18.1-5-g4a78601 (webtiles) character file.

9602 epen the Demolition Demonspawn (level 11, -13/82 HPs)
             Began as a Demonspawn Gladiator on May 13, 2016.
             Was an Elder of Makhleb.
             Killed from afar by an ice dragon (35 damage)
             ... with a blast of cold
             ... on level 1 of the Lair of Beasts.
             The game lasted 00:23:29 (6993 turns).

epen the Demolition Demonspawn (DsGl)               Turns: 6993, Time: 00:23:30

Health: -13/82     AC:  9    Str: 18    XL:     11   Next: 25%
Magic:  0/19       EV: 17    Int:  9    God:    Makhleb [****..]
Gold:   613        SH:  0    Dex: 15    Spells: 0 memorised, 10 levels left

rFire  + + +     SeeInvis .     W - +1 great sword
rCold  . . .     Gourm    .     H - +1 leather armour of Complete Protection {rPois rF++}
rNeg   . . .     Faith    .     (shield currently unavailable)
rPois  +         Spirit   +     c - +0 helmet
rElec  .         Dismiss  .     A - +2 cloak
rCorr  +         Reflect  .     (no gloves)
SustAt .         Harm     .     (no boots)
MR     .....                    r - amulet of regeneration
Stlth  +.........               G - ring of resist corrosion
                                y - ring of protection from fire

@: not resistant to hostile enchantments, very unstealthy
A: claws 2, talons 2, spiny 3, magic shield, magic regeneration
a: Minor Destruction, Lesser Servant of Makhleb, Major Destruction, Renounce
Religion


You were on level 1 of the Lair of Beasts.
You worshipped Makhleb.
Makhleb was greatly pleased with you.
You were very hungry.

You visited 2 branches of the dungeon, and saw 12 of its levels.
You visited the Abyss 1 time.

You collected 613 gold pieces.

Inventory:

Hand Weapons
 a - a +1 long sword
 v - a +2 short sword
 N - a +2 dagger of flaming
 W - a +1 great sword (weapon)
Missiles
 d - 3 throwing nets (quivered)
Armour
 b - a +0 leather armour
 c - a +0 helmet (worn)
 s - a +0 scale mail
 A - a +2 cloak (worn)
 B - a troll hide {Purgy}
 H - the +1 leather armour of Complete Protection (worn) {rPois rF++}
   (You found it on level 7 of the Dungeon)

   It greatly protects you from fire.
   It protects you from poison.
Magical Staves
 U - an uncursed staff of power {unknown}
Jewellery
 r - an amulet of regeneration (around neck)
 y - a ring of protection from fire (left claw)
 G - a ring of resist corrosion (right claw)
Wands
 l - a wand of hasting (0/9)
 n - a wand of lightning (0/15)
 Q - a wand of polymorph (9/24)
 T - a wand of digging (12/24)
Scrolls
 e - a scroll of enchant weapon
 h - 2 scrolls of teleportation
 i - 3 scrolls of recharging
 m - 2 scrolls of magic mapping
 q - 5 scrolls of immolation
 t - a scroll of random uselessness
 u - 2 scrolls of remove curse
 w - a scroll of fear
 C - 2 scrolls of amnesia
 E - a scroll of fog
 K - a scroll of noise {unknown}
 L - a scroll of identify
 M - a scroll of summoning {unknown}
 P - 2 scrolls of brand weapon {unknown}
Potions
 j - 2 potions of resistance
 k - 3 potions of curing
 o - a potion of might
 D - 4 potions of cure mutation
 I - a potion of berserk rage
 J - a potion of flight {unknown}
 O - a potion of ambrosia {unknown}
Books
 F - a book of Maledictions

   Spells                             Type                      Level
   a - Corona                         Hexes                        1
   b - Ensorcelled Hibernation        Hexes/Ice                    2
   c - Confuse                        Hexes                        3
   d - Tukima's Dance                 Hexes                        3
   e - Dazzling Spray                 Conjuration/Hexes            3
 X - a book of Cantrips

   Spells                             Type                      Level
   a - Corona                         Hexes                        1
   b - Animate Skeleton               Necromancy                   1
   c - Summon Small Mammal            Summoning                    1
   d - Apportation                    Translocation                1
Miscellaneous
 S - a fan of gales
Comestibles
 f - 4 bread rations
 g - 6 meat rations
 p - 6 fruits
 x - 2 royal jellies
 z - 2 beef jerkies


   Skills:
 + Level 6.3 Fighting
 * Level 8.8 Long Blades
 - Level 1.7 Throwing
 + Level 5.6 Armour
 * Level 8.6 Dodging
 * Level 11.3 Invocations


You had 10 spell levels left.
You didn't know any spells.

Dungeon Overview and Level Annotations

Branches:
Dungeon (11/15)            Temple (0/1) D:6            Lair (1/8) D:10
    Orc (0/2) D:10

Altars:
Ashenzari
Fedhas
Gozag
Kikubaaqudgha
Makhleb
Nemelex Xobeh
Okawaru
Qazlal
Ru
Sif Muna
Trog
Xom
Yredelemnul

Shops:
D:9 [   D:10 [


Innate Abilities, Weirdness & Mutations

You have very sharp fingernails.
You have razor-sharp toenails.
You are completely covered in sharp spines.
When hurt, damage is shared between your health and your magic reserves.
You regenerate magic rapidly.


Message History

Unknown command.
Your ynoxinul gestures.
You are feeling very hungry.
Your ufetubus hits the polar bear but does no damage. x2
Your ufetubus barely misses the ice dragon.
Your ufetubus hits the ice dragon but does no damage.
The ice dragon breathes frost at you. The blast of cold hits you!
* * * LOW HITPOINT WARNING * * *
Your ynoxinul barely misses the ice beast.
Drink which item? (? for menu, Esc to quit)
Okay, then.
Drink which item? (? for menu, Esc to quit)
You feel better.
Unknown command.
You swap places.
Your ufetubus disappears in a puff of smoke! x2
The ice dragon breathes frost at you. The blast of cold hits you!
You die...

##..≈≈≈≈. #..≈≈≈≈.≈ ### ###
#.≈≈≈...
####.##########.#####h.≈.≈.≈
#.................5h.h.5≈≈≈≈
##...............h####h.≈≈≈≈
#............§h..# #..≈≈≈≈
#...####.P#....h.## #..≈≈≈≈
#..+......@#.D.5.P# #...≈≈≈
#..#......§#.....## #...≈≈≈
#..#.......D5..........≈≈≈≈
#..........P...#.####..≈≈5≈
#..........#...#...
#..#.##..###...#.###
#..............#.#
#.....####.....#.# #....##
#.....#.#


You could see an ice dragon, 3 polar bears and a white imp.

Vanquished Creatures
  An unseen horror (D:10)
  Pikel (D:7)
  A sixfirhy (Abyss:2)
  A spiny frog (Lair:1)
  A komodo dragon (D:10)
  Prince Ribbit (D:9)
  Grum (D:9)
  A hippogriff (D:9)
  6 yaks (D:9)
  2 hungry ghosts
  Edmund (D:6)
  A water moccasin (Lair:1)
  Purgy (D:4)
  2 orc priests (D:7)
  2 orc warriors
  A sky beast (D:5)
  A slave (D:7)
  3 wolves (D:9)
  5 ogres
  4 ice beasts
  2 centaurs
  A phantom (D:7)
  A crocodile (D:10)
  3 giant frogs
  2 big kobolds
  4 scorpions
  A water moccasin skeleton (D:8)
  8 wights
  10 howler monkeys
  A crimson imp (D:7)
  2 giant frog zombies
  A quasit (D:6)
  A centaur zombie (D:4)
  A giant frog skeleton (D:4)
  7 hounds
  An iguana (D:7)
  5 jellies
  4 centaur skeletons
  10 orc wizards
  4 worker ants
  Terence (D:3)
  2 killer bee zombies
  3 hound zombies
  A worker ant zombie (D:4)
  A howler monkey zombie (D:9)
  A gnoll (D:4)
  9 adders
  4 shadow imps
  A white imp (Lair:1)
  2 oozes
  3 adder zombies
  An adder skeleton (D:4)
  5 giant geckos
  35 orcs
  A ball python (D:3)
  4 bats
  6 giant cockroaches
  7 goblins
  13 hobgoblins
  8 jackals
  20 kobolds
  5 quokkas
  2 giant gecko skeletons (D:4)
  A giant gecko zombie (D:5)
  4 giant newts
  3 quokka skeletons
  A quokka zombie (D:4)
  5 rats
255 creatures vanquished.

Vanquished Creatures (collateral kills)
  A hydra (D:10)
  Erolcha (D:9)
  The ghost of epen the Ducker, a novice DsGl of Makhleb (D:8)
  3 yaks (D:9)
  An orc warrior (D:8)
  A howler monkey zombie (D:8)
  2 kobolds (D:9)
10 creatures vanquished.

Vanquished Creatures (others)
  A large abomination (Abyss:2)
  A slave (D:7)
  An adder (D:7)
  A quokka (D:7)
  2 plants (D:10)
  5 starspawn tentacles (Abyss:2)
  40 starspawn tentacle segments (Abyss:2)
51 creatures vanquished.

Grand Total: 316 creatures vanquished

Notes
Turn   | Place    | Note
--------------------------------------------------------------
     0 | D:1      | epen the Demonspawn Gladiator began the quest for the Orb.
     0 | D:1      | Reached XP level 1. HP: 16/16 MP: 1/1
    80 | D:1      | Gained mutation: You are partially covered in sharp spines. [demonic ancestry]
    80 | D:1      | Reached XP level 2. HP: 22/22 MP: 2/2
   358 | D:1      | Found a sparkling altar of Nemelex Xobeh.
   404 | D:1      | Gained mutation: You have sharp toenails. [demonic ancestry]
   404 | D:1      | Reached XP level 3. HP: 26/27 MP: 3/3
   737 | D:2      | Reached skill level 1 in Armour
   761 | D:2      | Found an opulent altar of Gozag.
   840 | D:2      | Gained mutation: You have sharp fingernails. [demonic ancestry]
   840 | D:2      | Reached XP level 4. HP: 34/34 MP: 4/4
   857 | D:2      | Found a faded altar to an unknown god.
   877 | D:2      | Found a burning altar of Makhleb.
   888 | D:2      | Became a worshipper of Makhleb the Destroyer
  1005 | D:2      | Found a stormy altar of Qazlal.
  1275 | D:3      | Noticed Terence
  1308 | D:3      | Killed Terence
  1342 | D:3      | Reached skill level 1 in Invocations
  1350 | D:3      | Reached XP level 5. HP: 27/39 MP: 5/5
  1375 | D:3      | Reached * piety under Makhleb
  1762 | D:4      | Noticed an ogre
  1788 | D:4      | Noticed Purgy
  1865 | D:4      | Found a shimmering altar of Xom.
  1865 | D:4      | Found a basalt altar of Yredelemnul.
  1865 | D:4      | Found an iron altar of Okawaru.
  1901 | D:4      | Reached skill level 2 in Invocations
  1942 | D:4      | Gained mutation: You have very sharp fingernails. [demonic ancestry]
  1942 | D:4      | Reached XP level 6. HP: 47/47 MP: 7/7
  2008 | D:4      | Found an ancient bone altar of Kikubaaqudgha.
  2008 | D:4      | Found a blossoming altar of Fedhas.
  2009 | D:4      | Found a bloodstained altar of Trog.
  2030 | D:4      | Found a sacrificial altar of Ru.
  2155 | D:4      | Reached ** piety under Makhleb
  2155 | D:4      | Reached skill level 3 in Invocations
  2329 | D:4      | Killed Purgy
  2399 | D:4      | Gained mutation: You are mostly covered in sharp spines. [demonic ancestry]
  2399 | D:4      | Reached XP level 7. HP: 49/52 MP: 9/9
  2459 | D:4      | Reached skill level 4 in Invocations
  2697 | D:5      | Entered Level 5 of the Dungeon
  2775 | D:5      | Reached skill level 5 in Long Blades
  2775 | D:5      | Reached skill level 5 in Dodging
  2775 | D:5      | Reached skill level 5 in Invocations
  2808 | D:5      | You fall through a shaft!
  2844 | D:6      | Gained mutation: When hurt, damage is shared between your health and your magic reserves. [demonic ancestry]
  2844 | D:6      | Reached XP level 8. HP: 60/60 MP: 10/12
  3082 | D:5      | Found a sparkling altar of Nemelex Xobeh.
  3455 | D:5      | Reached *** piety under Makhleb
  3455 | D:5      | Reached skill level 6 in Invocations
  3562 | D:6      | Found a staircase to the Ecumenical Temple.
  3573 | D:6      | Noticed Edmund
  3606 | D:6      | Killed Edmund
  3856 | D:7      | Reached skill level 7 in Invocations
  3871 | D:7      | Noticed Pikel
  3893 | D:7      | Killed Pikel
  3893 | D:7      | Gained mutation: You have razor-sharp toenails. [demonic ancestry]
  3893 | D:7      | Reached XP level 9. HP: 51/66 MP: 9/14
  4011 | D:7      | Reached **** piety under Makhleb
  4016 | D:7      | Reached skill level 8 in Invocations
  4079 | D:7      | Got a smelly leather armour
  4090 | D:7      | Identified the cursed +1 leather armour of Complete Protection {rPois rF++} (You found it on level 7 of the Dungeon)
  4576 | D:8      | Reached skill level 5 in Fighting
  4634 | D:8      | Noticed epen's ghost (novice DsGl)
  4665 | D:8      | Killed epen's ghost
  4665 | D:8      | Reached skill level 9 in Invocations
  4665 | D:8      | Gained mutation: You are completely covered in sharp spines. [demonic ancestry]
  4665 | D:8      | Reached XP level 10. HP: 50/74 MP: 6/16
  4866 | D:8      | Found a shattered altar of Ashenzari.
  5076 | D:9      | Noticed Grum
  5097 | D:9      | Killed Grum
  5097 | D:9      | Reached ***** piety under Makhleb
  5180 | D:9      | Found Woriomij's Antique Armour Shoppe.
  5271 | D:9      | Reached skill level 10 in Invocations
  5333 | D:9      | Noticed Erolcha
  5337 | D:9      | Cast into level 2 of the Abyss (Erolcha)
  5355 | Abyss:2  | Noticed a tentacled starspawn
  5382 | Abyss:2  | Noticed a worldbinder
  5389 | Abyss:2  | Noticed a sixfirhy
  5400 | Abyss:2  | Killed a sixfirhy
  5400 | Abyss:2  | Reached skill level 5 in Armour
  5445 | Abyss:2  | Noticed a wretched star
  5451 | D:9      | Escaped the Abyss
  5485 | D:9      | Killed Erolcha
  5937 | D:9      | Noticed Prince Ribbit
  5943 | D:9      | Killed Prince Ribbit
  5949 | D:9      | Found a deep blue altar of Sif Muna.
  5991 | D:10     | Entered Level 10 of the Dungeon
  6028 | D:10     | Found Ibeumnu's Armour Emporium.
  6029 | D:10     | Found a staircase to the Orcish Mines.
  6295 | D:10     | Gained mutation: You regenerate magic rapidly. [demonic ancestry]
  6295 | D:10     | Reached XP level 11. HP: 69/81 MP: 13/19
  6430 | D:10     | Killed an unseen horror
  6430 | D:10     | Reached skill level 11 in Invocations
  6475 | D:10     | Found a staircase to the Lair.
  6746 | D:11     | Noticed an eight-headed hydra
  6788 | D:10     | Killed an eight-headed hydra
  6915 | Lair:1   | Entered Level 1 of the Lair of Beasts
  6971 | Lair:1   | Noticed an ice dragon
  6993 | Lair:1   | Killed from afar by an ice dragon

Skill      XL: |  1  2  3  4  5  6  7  8  9 10 11 |
---------------+----------------------------------+-----
Long Blades    | 3 4 5 6 7 8 |  8.8
Dodging        | 3 4 5 6 7 8 |  8.6
Armour         | 1 2 3 4 5 |  5.6
Invocations    | 1 2 3 5 7 9 10 11 | 11.3
Fighting       | 3 4 5 6 |  6.3
Throwing       | |  1.7

Action                   |  1- 3 |  4- 6 |  7- 9 | 10-12 || total
-------------------------+-------+-------+-------+-------++-------
Melee: Long sword        |    55 |    99 |   262 |    22 ||   438
       Kick              |     1 |    27 |    89 |    95 ||   212
       Short sword       |       |       |       |   174 ||   174
       Great sword       |       |       |       |    44 ||    44
Invok: Lesser Servant of |       |       |     1 |    11 ||    12
Evoke: Wand              |       |       |     2 |     1 ||     3
  Use: Scroll            |       |       |    16 |     4 ||    20
       Potion            |       |       |       |     1 ||     1
 Stab: Distracted        |       |       |       |     1 ||     1
       Sleeping          |       |       |       |     1 ||     1
  Eat: Chunk             |       |     5 |    11 |     8 ||    24
Armor: Leather armour    |    11 |     7 |    23 |    43 ||    84
       Scale mail        |       |    33 |    82 |       ||   115
Dodge: Dodged            |    46 |    55 |   153 |   137 ||   391
